 Dungeon Crawl Stone Soup version 0.25-a0-589-g1e14c549ee (webtiles) character file.

Game seed: 7997300927284082016, levelgen mode: deterministic

18 An17 the Vexing (level 2, 19/19 HPs)
             Began as a Vampire Enchanter on Mar 9, 2020.
             Safely got out of the dungeon.
             The game lasted 00:05:05 (756 turns).

An17 the Vexing (Vampire Enchanter)                  Turns: 756, Time: 00:05:06

Health: 19/19      AC:  2    Str:  7    XL:     2   Next: 51%
Magic:  5/5        EV: 13    Int: 17    God:
Gold:   25         SH:  0    Dex: 14    Spells: 2/5 levels left

rFire    . . .     SeeInvis +   a - +1 dagger
rCold    . . .     Gourm    .   (no shield)
rNeg     . . .     Faith    .   b - +0 robe
rPois    .         Spirit   .   (no helmet)
rElec    .         Reflect  .   (no cloak)
rCorr    .         Harm     .   (no gloves)
MR       .....                  (no boots)
Stlth    +++.......             (no amulet)
HPRegen  0.26/turn              (no ring)
MPRegen  0.09/turn              (no ring)

@: regenerating quickly
A: no food, fangs 3, see invisible, unbreathing
a: Exsanguinate


You escaped.
You were alive.

You visited 1 branch of the dungeon, and saw 2 of its levels.

You collected 25 gold pieces.

Inventory:

Hand Weapons
 a - a +1 dagger (weapon)
Armour
 b - a +0 robe (worn)
Scrolls
 e - a scroll of teleportation {unknown}
Potions
 c - a potion of lignification {unknown}
 d - a potion of berserk rage {unknown}


   Skills:
 + Level 1.3 Short Blades
 * Level 2.3 Dodging
 + Level 4.6 Stealth
 + Level 2.2 Spellcasting
 + Level 5.0 Hexes


You had 2 spell levels left.
You knew the following spells:

 Your Spells              Type           Power        Failure   Level  Hunger
a - Corona                Hex            ###....      2%          1    N/A
b - Ensorcelled Hibernat  Hex/Ice        ##....       11%         2    N/A

Your spell library contained the following spells:

 Spells                   Type           Power        Failure   Level  Hunger
 Confusing Touch          Hex            ###.....     7%          3    N/A
 Tukima's Dance           Hex            ###.....     7%          3    N/A
 Dazzling Flash           Conj/Hex       ##....       21%         3    N/A

Dungeon Overview and Level Annotations

Branches:
Dungeon (2/15)

Altars:


Innate Abilities, Weirdness & Mutations

You do not eat.
Your natural rate of healing is unusually fast.
You have razor-sharp teeth.
You have supernaturally acute eyesight. (SInv)
You can survive without breathing.


Message History

You see here a +0 club.
There is an escape hatch in the floor here.
There is an escape hatch in the floor here.
You see here a +0 dagger.
You see here a mace.
Partly explored, can't reach some places.
There is a stone staircase leading down here.
You climb downwards.
Found two stone staircases leading up.
There is a stone staircase leading up here.
There is a stone staircase leading up here.
There is a stone staircase leading up here.
A dart slug comes into view.
There is a stone staircase leading up here.
You climb upwards.
There is a stone staircase leading down here.
There is an open door here.
There is a staircase leading out of the dungeon here.
Are you sure you want to leave the Dungeon?
This will make you lose the game!
You have escaped!

#.##.........####..........#.#
#.##.........# #..........#.#
#.##.........# #..........#.####
#.########..## #####.######.....
#.#########.# #.# #####.
#..........†# #.# #.
...#######..# ##### #.##########.
#...........# #...# #.......%....
#..#.#.#.#..# #.@.# #.###########
#......#.#..# #...# #....#
#....#####..# #...# #.##.#
#........#..####'####.##.#
##.#........#......##..#(#####
...#........#.......#..#.....#
..#####.#...#.#####.#..#####.####
..##........#.#..#..#............
..........#.#.#..#.##......#.####


There were no monsters in sight!

Vanquished Creatures
  A leopard gecko (D:1)
  2 goblins (D:1)
  2 hobgoblins (D:1)
  4 bats (D:1)
  2 frilled lizards (D:1)
  3 kobolds (D:1)
  3 rats (D:1)
17 creatures vanquished.

Notes
Turn   | Place    | Note
-------+----------+-------------------------------------------
     0 | D:1      | An17 the Vampire Enchanter began the quest for the Orb.
     0 | D:1      | Reached XP level 1. HP: 13/13 MP: 3/3
   129 | D:1      | Reached XP level 2. HP: 19/19 MP: 5/5
   148 | D:1      | Learned a level 2 spell: Ensorcelled Hibernation
   176 | D:1      | Reached skill level 5 in Hexes
   756 | D:$      | Safely got out of the dungeon.

Levels and vault maps discovered:
D:1:      dpeg_arrival_erosion, layout_basic, wad_woods_river_04
D:2:      layout_loops_ring, gammafunk_temple_overflow_forgotten,
          lemuel_coloured_pillars_altar, chequers_ecumenical_altar_simple

Skill      XL: |  1  2 |
---------------+-------+-----
Hexes          | 5 |  5.0
Short Blades   | |  1.3
Dodging        | |  2.3
Stealth        | |  4.6
Spellcasting   | |  2.2

Action                   || total
-------------------------++-------
Melee: Dagger            ||    52
       Bite              ||     4
 Cast: Corona            ||     5
  Use: Scroll            ||     2
 Stab: Sleeping          ||     2
Armor: Robe              ||    11
Dodge: Dodged            ||    47

Table legend:
 A = Non-vault XP
 B = Vault XP
 C = Vault XP percentage of total XP
 D = Non-vault monster count
 E = Vault monster count
 F = Vault count percentage of total count
                 A         B        C        D         E       F
            +---------+---------+-------+---------+---------+-------
      Total |      27 |       0 |   0.0 |      17 |       0 |   0.0
            +---------+---------+-------+---------+---------+-------
        D:1 |      27 |       0 |   0.0 |      17 |       0 |   0.0
            +---------+---------+-------+---------+---------+-------
